 Dungeon Crawl Stone Soup version 0.22-a0-362-g535178c (webtiles) character file.

269 sankara the Firebug (level 6, -3/45 HPs)
             Began as a Draconian Fire Elementalist on Apr 20, 2018.
             Was an Initiate of Vehumet.
             Slain by an iron imp (7 damage)
             ... on level 4 of the Dungeon.
             The game lasted 00:11:46 (3469 turns).

sankara the Firebug (Draconian Fire Elementalist)   Turns: 3469, Time: 00:11:47

Health: -3/45      AC: 12    Str: 10    XL:     6   Next: 1%
Magic:  11/11      EV: 12    Int: 18    God:    Vehumet [......]
Gold:   137        SH:  0    Dex: 11    Spells: 4/12 levels left

rFire    . . .     SeeInvis .   r - -1 short sword (curse)
rCold    . . .     Gourm    .   (no shield)
rNeg     . . .     Faith    .   (armour unavailable)
rPois    .         Spirit   .   (helmet restricted)
rElec    .         Reflect  .   s - +2 cloak
rCorr    .         Harm     .   k - +2 pair of gloves
MR       .....                  (no boots)
Stlth    +++.......             (no amulet)
HPRegen  0.15/turn              e - ring of stealth {Stlth+}
MPRegen  0.12/turn              (no ring)

@: about to teleport
A: unfitting armour, cold-blooded, AC +6
a: Renounce Religion


You were on level 4 of the Dungeon.
You worshipped Vehumet.
Vehumet was noncommittal.
You were hungry.

You visited 2 branches of the dungeon, and saw 5 of its levels.

You collected 137 gold pieces.

Inventory:

Hand Weapons
 a - a +0 whip
   (You took it off a kobold on level 1 of the Dungeon)
 b - a +0 hunting sling
   (You found it on level 1 of the Dungeon)
 o - a +1 hunting sling of flaming
   (You took it off a goblin on level 2 of the Dungeon)
 r - a cursed -1 short sword (weapon)
   (You took it off a kobold on level 2 of the Dungeon)
 t - a +0 mace of crushing
   (You found it on level 3 of the Dungeon)
Missiles
 m - 2 throwing nets {=f, !d}
 n - 41 stones (quivered)
Armour
 k - a +2 pair of gloves (worn)
   (You found it on level 1 of the Dungeon)
 s - a +2 cloak (worn)
   (You took it off Crazy Yiuf on level 3 of the Dungeon)
Jewellery
 e - a ring of stealth (left hand) {Stlth+}
   (You found it on level 1 of the Dungeon)
Wands
 c - a wand of disintegration (12)
   (You found it on level 4 of the Dungeon)
 q - a wand of scattershot (9)
   (You found it on level 2 of the Dungeon)
Scrolls
 d - 5 scrolls of teleportation
 w - a scroll of magic mapping {!r}
 x - a scroll of identify
Potions
 f - 3 potions of agility
 h - a potion of brilliance {unknown}
 i - 3 potions of curing
 j - 2 potions of resistance {unknown}
 l - 2 potions of heal wounds {unknown}
 p - 2 potions of haste
 v - 2 potions of flight {unknown}
Comestibles
 g - 5 rations
 u - 5 chunks of flesh {@w0}


   Skills:
 - Level 1.7 Dodging
 - Level 1.7 Stealth
 + Level 3.6 Spellcasting
 + Level 3.5 Conjurations
 + Level 4.5 Fire Magic


You had 4 spell levels left.
You knew the following spells:

 Your Spells              Type           Power        Failure   Level  Hunger
a - Flame Tongue          Conj/Fire      ###..        3%          1    None
b - Conjure Flame         Conj/Fire      ###.....     9%          3    ###....
c - Sticky Flame          Conj/Fire      ###.....     28%         4    ####...


Dungeon Overview and Level Annotations

Branches:
Dungeon (4/15)             Temple (1/1) D:4

Altars:
Ashenzari
Dithmenos
Elyvilon
Fedhas
Gozag
Hepliaklqana
Makhleb
Nemelex Xobeh
Qazlal
Ru
Trog
Uskayaw
Vehumet
Wu Jian
Xom
Yredelemnul
Zin
The Shining One


Innate Abilities, Weirdness & Mutations

Your plain brown scales are hard. (AC +6)
You cannot fit into any form of body armour.
You are cold-blooded and may be slowed by cold attacks.


Message History

You are feeling hungry.
The iron imp closely misses you.
You hit the iron imp.
Your tail-slap misses the iron imp.
The iron imp is moderately wounded.
You hit the iron imp.
You tail-slap the iron imp, but do no damage.
The iron imp is moderately wounded.
The iron imp hits you but does no damage.
You hit the iron imp but do no damage.
The iron imp is moderately wounded.
The iron imp hits you but does no damage.
You hit the iron imp but do no damage.
The iron imp is moderately wounded.
The iron imp hits you but does no damage.
You closely miss the iron imp.
Your tail-slap misses the iron imp.
The iron imp is moderately wounded.
The iron imp hits you but does no damage.
Some of the chunks of flesh in your inventory have rotted away.
You barely miss the iron imp.
The iron imp is moderately wounded.
The iron imp hits you.
You barely miss the iron imp.
The iron imp is moderately wounded.
The iron imp hits you but does no damage.
You closely miss the iron imp.
The iron imp is moderately wounded.
The iron imp hits you.
You hit the iron imp but do no damage.
The iron imp is moderately wounded.
The iron imp misses you.
You hit the iron imp.
The iron imp is moderately wounded.
You hit the iron imp but do no damage.
The iron imp is moderately wounded.
The iron imp hits you!
You hit the iron imp.
The iron imp is severely wounded.
The iron imp hits you but does no damage.
You hit the iron imp but do no damage.
Your tail-slap misses the iron imp.
The iron imp is severely wounded.
The iron imp hits you.
You hit the iron imp but do no damage.
The iron imp is severely wounded.
The iron imp barely misses you.
You hit the iron imp.
The iron imp is almost dead.
The iron imp misses you.
You barely miss the iron imp.
The iron imp is almost dead.
The iron imp barely misses you.
You barely miss the iron imp.
The iron imp is almost dead.
You hit the iron imp but do no damage.
The iron imp is almost dead.
The iron imp hits you but does no damage.
The iron imp shouts!
You hit the iron imp but do no damage.
The iron imp is almost dead.
The iron imp barely misses you.
You hit the iron imp but do no damage.
The iron imp is almost dead.
The iron imp barely misses you.
You hit the iron imp.
The iron imp is almost dead.
The iron imp hits you.
You hit the iron imp but do no damage.
The iron imp is almost dead.
The iron imp closely misses you.
You barely miss the iron imp.
The iron imp is almost dead.
The iron imp barely misses you.
You hit the iron imp but do no damage.
The iron imp is almost dead.
The iron imp barely misses you.
You closely miss the iron imp.
The iron imp is almost dead.
The iron imp closely misses you.
You hit the iron imp but do no damage.
The iron imp is almost dead.
The iron imp hits you but does no damage.
Some of the chunks of flesh in your inventory have rotted away.
You hit the iron imp but do no damage.
The iron imp is almost dead.
The iron imp hits you! The iron imp hits you.
* * * LOW HITPOINT WARNING * * *
You closely miss the iron imp.
The iron imp is almost dead.
The iron imp hits you but does no damage.
The iron imp hits you.
* * * LOW HITPOINT WARNING * * *
You barely miss the iron imp.
The iron imp is almost dead.
The iron imp hits you.
* * * LOW HITPOINT WARNING * * *
You barely miss the iron imp.
The iron imp is almost dead.
The iron imp closely misses you. The iron imp completely misses you.
As you read the scroll of teleportation, it crumbles to dust.
You feel strangely unstable. The iron imp hits you!
You die...

#..........≈≈....#......#########
####......≈§.....##.....#####..#.
#......≈§.....##....#....[....
#.....≈8..._..#...###.#.......
#....§.≈§.....##..###.#.##.##.
#......≈≈.....#..........)....
#.......≈≈...5#..#.[#......##.
#........§≈≈≈5##.#..##..######
#.........≈≈≈@##.#..#...#
#...........5.#..#....#.#
#.##############....###.# #.
..................###### #
########.#..............
#.....####.###### ###.### ### #.#
###


You could see 3 iron imps.

Vanquished Creatures
  Crazy Yiuf (D:3)
  An orc wizard (D:4)
  Natasha (thrice) (D:3)
  A worker ant (D:4)
  3 adders
  An adder skeleton (D:4)
  2 worms
  3 dart slugs (D:1)
  5 leopard geckos
  5 orcs
  2 giant cockroaches
  5 goblins
  4 hobgoblins
  4 jackals (D:2)
  2 quokkas
  6 bats
  7 frilled lizards
  6 kobolds
  11 rats
72 creatures vanquished.

Notes
Turn   | Place    | Note
-------+----------+-------------------------------------------
     0 | D:1      | sankara the Draconian Fire Elementalist began the quest for the Orb.
     0 | D:1      | Reached XP level 1. HP: 14/14 MP: 3/3
   100 | D:1      | Reached XP level 2. HP: 20/20 MP: 3/5
   915 | D:2      | Reached XP level 3. HP: 21/26 MP: 1/6
  1050 | D:2      | Reached skill level 2 in Conjurations
  1386 | D:2      | Learned a level 3 spell: Conjure Flame
  1783 | D:3      | Reached XP level 4. HP: 33/33 MP: 5/8
  1844 | D:3      | Noticed Natasha
  1850 | D:3      | Killed Natasha
  1850 | D:3      | Reached skill level 3 in Spellcasting
  1933 | D:3      | Noticed Natasha
  1939 | D:3      | Killed Natasha
  1939 | D:3      | Reached skill level 4 in Fire Magic
  1985 | D:3      | Noticed Natasha
  1990 | D:3      | Killed Natasha
  1990 | D:3      | Reached skill level 3 in Conjurations
  1990 | D:3      | Reached XP level 5. HP: 37/38 MP: 5/9
  2033 | D:3      | Found a hazy altar of Hepliaklqana.
  2223 | D:3      | Found a runed door.
  2281 | D:3      | Found a bloodstained altar of Trog.
  2687 | D:3      | Learned a level 4 spell: Sticky Flame
  2713 | D:3      | Noticed Crazy Yiuf
  2719 | D:3      | Killed Crazy Yiuf
  3060 | D:4      | Found a staircase to the Ecumenical Temple.
  3071 | Temple   | Entered the Ecumenical Temple
  3183 | Temple   | Became a worshipper of Vehumet
  3322 | D:4      | Reached XP level 6. HP: 45/45 MP: 6/11
  3412 | D:4      | Found a burning altar of Makhleb.
  3465 | D:4      | HP: 10/45 [iron imp (6)]
  3467 | D:4      | HP: 3/45 [iron imp (3)]
  3469 | D:4      | Slain by an iron imp

Vault maps used:
D:1:      dpeg_arrival_lava_altar
D:3:      lemuel_doored_altar, palyth_stone_intersect, trog_butcher_becter,
          uniq_natasha, uniq_crazy_yiuf_cottage
D:4:      demons_altar, nicolae_overflow_hidden_temple,
          minmay_temple_entry_statues_fountains, hangedman_decor_push
Temple:   kb_temple_of_zot

Skill      XL: |  1  2  3  4 |
---------------+-------------+-----
Conjurations   | 2 3 |  3.5
Spellcasting   | 3 |  3.6
Fire Magic     | 4 |  4.5
Dodging        | |  1.7
Stealth        | |  1.7

Action                   |  1- 3 |  4- 6 || total
-------------------------+-------+-------++-------
Melee: Whip              |     7 |       ||     7
       Tailslap          |     1 |     3 ||     4
       Short sword       |       |    60 ||    60
 Cast: Flame Tongue      |    74 |    66 ||   140
       Conjure Flame     |       |     1 ||     1
  Use: Scroll            |     5 |     6 ||    11
 Stab: Sleeping          |     1 |       ||     1
  Eat: Chunk             |     3 |     5 ||     8
Armor: Skin              |     9 |    31 ||    40
Dodge: Dodged            |    20 |    49 ||    69

Table legend:
 A = Spawn XP
 B = Non-spawn XP
 C = Spawn XP percentage of total XP
 D = Spawn monster count
 E = Non-spawn monster count
 F = Spawn count percentage of total count
 G = Total turns spent on level
                    A         B        C        D         E        F      G
               +---------+---------+-------+---------+---------+-------+---------
         Total |       0 |     385 |   0.0 |       0 |      72 |   0.0 |  3469
               +---------+---------+-------+---------+---------+-------+---------
           D:1 |       0 |      38 |   0.0 |       0 |      20 |   0.0 |   953
           D:2 |       0 |      45 |   0.0 |       0 |      20 |   0.0 |   670
           D:3 |       0 |     210 |   0.0 |       0 |      24 |   0.0 |  1207
           D:4 |       0 |      92 |   0.0 |       0 |       8 |   0.0 |   497
               +---------+---------+-------+---------+---------+-------+---------

Vault maps used:
D:1:      dpeg_arrival_lava_altar
D:3:      lemuel_doored_altar, palyth_stone_intersect, trog_butcher_becter,
          uniq_natasha, uniq_crazy_yiuf_cottage
D:4:      demons_altar, nicolae_overflow_hidden_temple,
          minmay_temple_entry_statues_fountains, hangedman_decor_push
Temple:   kb_temple_of_zot

Table legend:
 A = Turns spent in this place as a percentage of turns spent in the entire game.
 B = Non-inter-level travel turns spent in this place as a percentage of non-inter-level travel turns spent in the entire game.
 C = Inter-level travel turns spent in this place as a percentage of turns spent in this place.
 D = Turns resting spent in this place as a percentage of non-inter-level travel turns spent in this place.
 E = Turns spent auto-exploring this place as a percentage of non-inter-level travel turns spent in this place.
 F = Non-inter-level travel turns spent in this place divided by the number of levels of this place that you've seen.
                   A       B       C       D       E      F
               +-------+-------+-------+-------+-------+----------------------
         Total | 100.0 | 100.0 |   4.6 |  21.2 |  57.3 | 662.0
       Dungeon |  95.9 |  97.1 |   3.4 |  21.9 |  56.1 | 803.5
        Temple |   4.1 |   2.9 |  32.4 |   0.0 |  95.8 |  96.0
               +-------+-------+-------+-------+-------+----------------------

Table legend:
 A = Kills in this place as a percentage of kills in entire the game.
 B = Kills by you in this place as a percentage of kills by you in the entire game.
 C = Kills by friends in this place as a percentage of kills by friends in the entire game.
 D = Other kills in this place as a percentage of other kills in the entire game.
 E = Experience gained in this place as a percentage of experience gained in the entire game.
 F = Experience gained in this place divided by the number of levels of this place that you have seen.
                   A       B       C       D       E      F
               +-------+-------+-------+-------+-------+----------------------
         Total | 100.0 | 100.0 |   N/A |   N/A | 100.0 |  77.0
       Dungeon | 100.0 | 100.0 |   N/A |   N/A | 100.0 |  96.2
               +-------+-------+-------+-------+-------+----------------------
